 Dungeon Crawl Stone Soup version 0.31.0-11-ge490571c62 (webtiles) character file.

Game seed: 5642356553813239410

81 qw the Shooter (level 4, -4/25 HPs)
             Began as a Deep Elf Hunter on Feb 3, 2024.
             Slain by an ice beast (13 damage)
             ... on level 3 of the Dungeon.
             The game lasted 00:00:31 (1853 turns).

qw the Shooter (Deep Elf Hunter)                    Turns: 1853, Time: 00:00:32

Health: -4/25      AC:  6    Str: 10    XL:     4   Next: 20%
Magic:  6/6        EV: 11    Int: 14    God:
Gold:   144        SH:  0    Dex: 18    Spells: 3/3 levels left

rFire   . . .        a - +0 shortbow
rCold   . . .        (shield currently unavailable)
rNeg    . . .        d - +1 ring mail
rPois   .            (no helmet)
rElec   .            (no cloak)
rCorr   .            (no gloves)
SInv    .            (no boots)
Will    .....        (no amulet)
Stlth   +            (no ring)
HPRegen 0.24/turn    (no ring)
MPRegen 0.10/turn

%: no passive effects
@: no status effects
A: no striking features
a: no special abilities


You were on level 3 of the Dungeon.
You visited 1 branch of the dungeon, and saw 3 of its levels.

You collected 144 gold pieces.


   Skills:
 - Level 1.5 Fighting
 + Level 7.6 Ranged Weapons
 - Level 2.4 Dodging
 - Level 1.2 Stealth


You had 3 spell levels left.
You didn't know any spells.
Your spell library was empty.

Inventory:

Hand Weapons
 a - a +0 shortbow (weapon)
Armour
 d - a +1 ring mail (worn)
Jewellery
 b - an amulet of regeneration
 h - a ring of ice
Scrolls
 g - a scroll of teleportation
 j - 2 scrolls of identify
Potions
 c - 3 potions of enlightenment
 e - a potion of curing
 f - a potion of heal wounds
 i - 2 potions of lignification {unknown}
 k - a potion of might {unknown}

Dungeon Overview and Level Annotations

Branches:
Dungeon (3/15)

Altars:
Gozag


Message History

Enter note:
Found a stone staircase leading down.
You now have 144 gold pieces (gained 13).
j - 2 scrolls of identify (gained 1)
An ice beast comes into view.
You shoot an arrow.
The arrow hits the ice beast but does no damage.
You shoot an arrow. The arrow hits the ice beast.
The ice beast is lightly wounded.
You shoot an arrow. The arrow hits the ice beast!
The ice beast is heavily wounded.
The ice beast hits you but does no damage.
You shoot an arrow. The arrow barely misses the ice beast.
The ice beast hits you. The ice beast freezes you!
Ouch! That really hurt!
You shoot an arrow.
The arrow hits the ice beast but does no damage.
The ice beast is heavily wounded.
The ice beast hits you but does no damage. x2
You shoot an arrow. The arrow hits the ice beast.
The ice beast is heavily wounded.
The ice beast hits you but does no damage.
You shoot an arrow. The arrow barely misses the ice beast.
The ice beast closely misses you.
You shoot an arrow.
The arrow completely misses the ice beast.
The ice beast barely misses you.
You shoot an arrow. The arrow hits the ice beast.
The ice beast is severely wounded.
The ice beast misses you.
You shoot an arrow. The arrow barely misses the ice beast.
The ice beast hits you but does no damage.
You shoot an arrow. The arrow barely misses the ice beast.
The ice beast closely misses you.
You shoot an arrow.
The arrow hits the ice beast but does no damage.
The ice beast is severely wounded.
The ice beast hits you. The ice beast freezes you!
Ouch! That really hurt!
You die...

# . ..# ####### # #.#
#...>.######## # #.#
#............. ######.#
#..##.##.##### .%..##.#
#####..##.##.##### ###.##.#
#.........##..#... ###.##.#####
#.###..#........## #..........#
#@# #..##.#.....##
.......###.##..Y..##..##.##......
#.#....# #.##.###.##.....##..####
#.####.###<## .###........#
#...[......# .# ########.#
########.### .# ##'## #.# ##
##...## #.# ##.....## ..#
#........


You could see an ice beast.

Vanquished Creatures
  4 adders (D:2)
  5 ball pythons
  2 endoplasms (D:3)
  5 giant cockroaches
  4 goblins
  3 hobgoblins
  2 jackals (D:1)
  5 quokkas
  8 bats
  2 frilled lizards
  A kobold (D:1)
  A rat (D:2)
42 creatures vanquished.

Notes
Turn   | Place    | Note
-------+----------+-------------------------------------------
     0 | D:1      | qw the Deep Elf Hunter began the quest for the Orb.
     0 | D:1      | Reached XP level 1. HP: 12/12 MP: 3/3
     0 | D:1      | 0 ||| qw: Version: 0.3-a-155-g5e7d8dd
     0 | D:1      | 0 ||| qw: Game counter: 3277
     0 | D:1      | 0 ||| qw: Melee chars always use a shield: true
     0 | D:1      | 0 ||| qw: God list: Okawaru
     0 | D:1      | 0 ||| qw: Allow faded altars: false
     0 | D:1      | 0 ||| qw: Do Orc after clearing Dungeon:15 true
     0 | D:1      | 0 ||| qw: Do second Lair branch before Depths: true
     0 | D:1      | 0 ||| qw: Lair rune preference: random
     0 | D:1      | 0 ||| qw: Goals: Normal
     0 | D:1      | 0 ||| PLANNING D:1-11
   106 | D:1      | Reached skill level 6 in Ranged Weapons
   106 | D:1      | Reached XP level 2. HP: 16/16 MP: 4/4
   720 | D:1      | 720 ||| UPGRADING to +0 ring mail.
   730 | D:1      | 730 ||| DROPPING +0 leather armour.
   731 | D:1      | 731 ||| DROPPING ring of magical power.
   732 | D:1      | 732 ||| READING scroll labelled ACIUSU VEREUK.
   733 | D:1      | 733 ||| READING scroll labelled HAVYNO QELEHU.
   733 | D:1      | 733 ||| ENCHANTING +0 ring mail.
   734 | D:1      | 734 ||| READING scroll labelled DUJEIDUGENU.
   737 | D:1      | 737 ||| DRINKING 2 cyan potions.
   738 | D:1      | 738 ||| DRINKING 2 purple potions.
   739 | D:1      | 739 ||| DROPPING scroll of butterflies.
   740 | D:1      | 740 ||| DROPPING potion of attraction.
   813 | D:2      | Reached XP level 3. HP: 20/20 MP: 5/5
  1013 | D:2      | Reached skill level 7 in Ranged Weapons
  1259 | D:2      | Reached XP level 4. HP: 25/25 MP: 6/6
  1458 | D:2      | 1458 ||| READING 2 scrolls labelled SIXEITW QOOMAUL.
  1458 | D:2      | 1458 ||| IDENTIFYING grey potion
  1459 | D:2      | 1459 ||| READING scroll of identify.
  1459 | D:2      | 1459 ||| IDENTIFYING inky potion
  1757 | D:3      | Found an opulent altar of Gozag.
  1841 | D:3      | Noticed an ice beast
  1853 | D:3      | Slain by an ice beast

Levels and vault maps discovered:
D:1:      lemuel_arrival_lava_pool, layout_loops_ring
D:2:      layout_loops_cross, chequers_jeans
D:3:      layout_loops_corners, old_standard_altar,
          amcnicky_mini_corridor_feature, minmay_unequal

Skill      XL: |  1  2  3 |
---------------+----------+-----
Ranged Weapons | 6 7 |  7.6
Fighting       | |  1.5
Dodging        | |  2.4
Stealth        | |  1.2

Action                     |  1- 3 |  4- 6 || total
---------------------------+-------+-------++-------
   Fire: Shortbow          |   108 |    20 ||   128
    Use: Scroll            |     3 |     2 ||     5
         Potion            |     2 |       ||     2
 Armour: Leather armour    |    10 |       ||    10
         Ring mail         |    28 |     7 ||    35
  Dodge: Dodged            |    39 |     4 ||    43

Table legend:
 A = Non-vault XP
 B = Vault XP
 C = Vault XP percentage of total XP
 D = Non-vault monster count
 E = Vault monster count
 F = Vault count percentage of total count
                 A         B        C        D         E       F
            +---------+---------+-------+---------+---------+-------
      Total |     117 |       0 |   0.0 |      42 |       0 |   0.0
            +---------+---------+-------+---------+---------+-------
        D:1 |      36 |       0 |   0.0 |      20 |       0 |   0.0
        D:2 |      72 |       0 |   0.0 |      17 |       0 |   0.0
        D:3 |       9 |       0 |   0.0 |       5 |       0 |   0.0
            +---------+---------+-------+---------+---------+-------
